 Dungeon Crawl Stone Soup version 0.21-a0-151-ga4fe563 (webtiles) character file.

665 valhalheru the Skirmisher (level 7, -8/62 HPs)
             Began as a Hill Orc Berserker on July 30, 2017.
             Was a Priest of Trog.
             Mangled by a blink frog (shapeshifter) (14 damage)
             ... on level 4 of the Dungeon.
             The game lasted 00:10:25 (4470 turns).

valhalheru the Skirmisher (Hill Orc Berserker)      Turns: 4470, Time: 00:10:26

Health: -8/62      AC: 13    Str: 21    XL:     7   Next: 57%
Magic:  7/7        EV:  7    Int:  7    God:    Trog [***...]
Gold:   208        SH:  0    Dex: 11    Spells: 6/6 levels left

rFire    . . .     SeeInvis .   p - +3 quarterstaff (chaos)
rCold    . . .     Gourm    .   (shield currently unavailable)
rNeg     + . .     Faith    .   b - +0 plate armour
rPois    .         Spirit   .   (no helmet)
rElec    .         Reflect  .   f - +0 cloak
rCorr    .         Harm     .   (no gloves)
MR       .....                  (no boots)
Stlth    ..........             (no amulet)
HPRegen  0.20/turn              j - ring of positive energy
MPRegen  0.10/turn              (no ring)

@: no status effects
A: no striking features
a: Berserk, Trog's Hand, Burn Spellbooks, Renounce Religion


You were on level 4 of the Dungeon.
You worshipped Trog.
Trog was most pleased with you.
You were not hungry.

You visited 1 branch of the dungeon, and saw 4 of its levels.

You collected 208 gold pieces.

Inventory:

Hand Weapons
 a - a +1 falchion
 p - a +3 quarterstaff of chaos (weapon)
Missiles
 d - 26 stones (quivered)
 h - 2 throwing nets
Armour
 b - a +0 plate armour (worn)
 f - a +0 cloak (worn)
Jewellery
 j - a ring of positive energy (left hand)
Scrolls
 l - a scroll of remove curse
 t - a scroll of fog {unknown}
 w - a scroll of identify
Potions
 e - 2 potions of flight
 k - a potion of agility {unknown}
 m - a potion of berserk rage {unknown}
 n - a potion of magic {unknown}
 o - a potion of brilliance {unknown}
 q - 2 potions of lignification {unknown}
 r - 2 potions of mutation
 s - 2 potions of heal wounds {unknown}
 u - a potion of ambrosia {unknown}
Comestibles
 c - a bread ration
 g - 3 royal jellies
 i - 2 meat rations


   Skills:
 * Level 5.9 Fighting
 + Level 5.2 Long Blades
 + Level 0.8 Staves
 + Level 2.0 Throwing
 * Level 4.7 Armour
 + Level 3.0 Dodging


You had 6 spell levels left.
You didn't know any spells.

Dungeon Overview and Level Annotations

Branches:
Dungeon (4/15)             Temple (0/1) D:4

Altars:

Shops:
D:4 %


Message History

You hit the blink frog.
The blink frog flickers and vanishes!
Deactivating autopickup; reactivate with Ctrl-A.
Something hits you! x2
* * * LOW HITPOINT WARNING * * *
You are too injured to fight recklessly!
You are too injured to fight recklessly!
You are too injured to fight recklessly!
You are too injured to fight recklessly!
You are too injured to fight recklessly!
Your plate armour prevents you from hitting something.
Something hits you but does no damage.
You miss something. Something hits you.
* * * LOW HITPOINT WARNING * * *
Something hits you!
* * * LOW HITPOINT WARNING * * *
Things that are here:
a spear; 8 stones; a gnoll corpse Something hits you but does no damage.
Something hits you!
You die...

#....##........ #..##
#....# #.......
#...### +.#..# #.....#
#.....### ###..#
#(...# ##..##...# #..#
#....######..######.
.((.(...............
#(.(..##........##
##.(...........###
#(@..)........[.#
#........)†........##
#
##......##...##.....##
#
##.#..######.###....#
# #..(## #.#........
.###. #######.##. ## #
### #


There were no monsters in sight!

Vanquished Creatures
  A phantom (D:4)
  An ogre (D:4)
  The ghost of TySteely the Cudgeler, an amateur DsFi (D:3)
  A crimson imp (D:4)
  Crazy Yiuf (D:3)
  An orc wizard (D:3)
  2 worker ants (D:4)
  2 hound skeletons (D:4)
  7 gnolls (D:4)
  2 howler monkey skeletons (D:4)
  5 adders
  An ooze (D:1)
  An adder skeleton (D:4)
  6 worms
  3 dart slugs
  2 leopard geckos
  14 orcs
  5 giant cockroaches
  7 goblins
  8 hobgoblins
  A quokka (D:2)
  A ball python (D:1)
  6 bats
  6 frilled lizards
  A kobold (D:3)
  16 rats
102 creatures vanquished.

Notes
Turn   | Place    | Note
-------+----------+-------------------------------------------
     0 | D:1      | valhalheru the Hill Orc Berserker began the quest for the Orb.
     0 | D:1      | Reached XP level 1. HP: 19/19 MP: 1/1
    91 | D:1      | Reached XP level 2. HP: 23/27 MP: 2/2
   428 | D:1      | Reached XP level 3. HP: 33/33 MP: 3/3
   848 | D:2      | Reached ** piety under Trog
  1478 | D:2      | Reached XP level 4. HP: 40/40 MP: 4/4
  2275 | D:3      | Found a runed door.
  2279 | D:3      | Noticed Crazy Yiuf
  2286 | D:3      | Killed Crazy Yiuf
  2286 | D:3      | Reached skill level 1 in Throwing
  2286 | D:3      | Reached XP level 5. HP: 47/47 MP: 5/5
  2671 | D:3      | Reached *** piety under Trog
  2783 | D:3      | Noticed TySteely's ghost (amateur DsFi)
  2791 | D:3      | Killed TySteely's ghost
  2791 | D:3      | Reached XP level 6. HP: 55/55 MP: 6/6
  3043 | D:4      | Reached skill level 5 in Fighting
  3336 | D:4      | Noticed a phantom
  3371 | D:4      | Killed a phantom
  3371 | D:4      | Reached skill level 5 in Long Blades
  3371 | D:4      | Reached XP level 7. HP: 54/61 MP: 7/7
  3695 | D:4      | Found Ihialug's Food Emporium.
  4220 | D:4      | Found a staircase to the Ecumenical Temple.
  4456 | D:4      | Noticed a blink frog
  4456 | D:4      | a hound changed into a blink frog
  4470 | D:4      | Mangled by a blink frog (shapeshifter)

Vault maps used:
D:1:      onia_arrival_mini_maze_b
D:3:      uniq_crazy_yiuf_cottage
D:4:      yredelemnul_forgotten_temple_becter, minmay_temple_entry_purple_smoke,
          first_bread, serial_shops, kennysheep_mini_moat,
          kennysheep_generic_room_9

Skill      XL: |  1  2  3  4  5  6  7 |
---------------+----------------------+-----
Fighting       | 4 5 |  5.9
Long Blades    | 4 5 |  5.2
Dodging        | 2 3 |  3.0
Armour         | 3 4 |  4.7
Throwing       | 1 2 |  2.0
Staves         | |  0.8

Action                   |  1- 3 |  4- 6 |  7- 9 || total
-------------------------+-------+-------+-------++-------
Melee: Falchion          |   110 |    72 |       ||   182
       Quarterstaff      |       |    64 |   102 ||   166
Throw: Stone             |   101 |    89 |   124 ||   314
Invok: Berserk           |       |     3 |       ||     3
  Use: Scroll            |     5 |     4 |       ||     9
 Stab: Paralysed         |       |       |     1 ||     1
  Eat: Chunk             |     2 |     9 |       ||    11
       Bread ration      |       |       |     1 ||     1
Armor: Animal skin       |     6 |       |       ||     6
       Plate armour      |    50 |    82 |    92 ||   224
Dodge: Dodged            |    40 |    43 |    47 ||   130
       Rpst.: Falchion   |    10 |    13 |       ||    23
